 Dungeon Crawl Stone Soup version 0.19.0-24-gb05acd6 (webtiles) character file.

37230 Gargo the Thaumaturge (level 13, -6/76 HPs)
             Began as a Gargoyle Earth Elementalist on Nov 21, 2016.
             Was a High Priest of Vehumet.
             Mangled by an azure jelly (8 damage)
             ... on level 5 of the Lair of Beasts.
             The game lasted 02:06:05 (21680 turns).

Gargo the Thaumaturge (GrEE)                       Turns: 21680, Time: 02:06:06

Health: -6/76      AC: 23    Str: 12    XL:     13   Next: 95%
Magic:  8/37       EV: 14    Int: 21    God:    Vehumet [*****.]
Gold:   827        SH:  0    Dex: 10    Spells: 5 memorised, 20 levels left

rFire  . . .     SeeInvis .     b - 187 stones
rCold  + . .     Gourm    .     H - +2 leather armour {rC+}
rNeg   + . .     Faith    .     (no shield)
rPois  ∞         Spirit   .     e - +2 helmet
rElec  +         Reflect  .     g - +1 cloak
rCorr  .         Harm     .     q - +1 pair of gloves
MR     .....                    d - +0 pair of boots {Fly}
Stlth  ++........               (no amulet)
                                B - ring of magical power
                                t - ring of wizardry

@: flying, very slightly contaminated
A: negative energy resistance 1, electricity resistance, unbreathing,
petrification resistance, rot immunity, AC +9
a: Renounce Religion, Stop Flying


You were on level 5 of the Lair of Beasts.
You worshipped Vehumet.
Vehumet was extremely pleased with you.
You were hungry.

You visited 3 branches of the dungeon, and saw 18 of its levels.
You also visited: Sewer.

You collected 827 gold pieces.

Inventory:

Hand Weapons
 a - a +3 mace of protection
 G - a +2 shortbow of flaming
Missiles
 b - 187 stones (in hand)
 n - 7 javelins of penetration (quivered)
 L - 9 needles of sleeping
Armour
 d - a +0 pair of boots of flying (worn)
 e - a +2 helmet (worn)
 f - a +0 shield
 g - a +1 cloak (worn)
 i - a +0 large shield
 o - a +0 leather armour of fire resistance
 q - a +1 pair of gloves (worn)
 y - a +0 hat
 H - a +2 leather armour of cold resistance (worn)
 N - a -2 pair of gloves
Jewellery
 t - a ring of wizardry (left hand)
 w - an uncursed ring of flight
 z - an uncursed ring of see invisible
 A - an uncursed amulet of harm
 B - a ring of magical power (right hand)
Wands
 k - a wand of lightning (0/15)
 l - a wand of paralysis (0/24)
 v - a wand of acid (3/15)
 x - a wand of hasting (0/9)
Scrolls
 c - 5 scrolls of identify
 h - a scroll of enchant weapon
 p - 2 scrolls of fear
 r - 4 scrolls of remove curse
 u - a scroll of blinking
 E - 6 scrolls of teleportation
 J - a scroll of magic mapping
 M - a scroll of enchant armour
 O - 5 scrolls of amnesia
Potions
 j - a potion of mutation {unknown}
 m - 2 potions of brilliance
 s - 3 potions of curing
 C - 2 potions of flight
 F - a potion of invisibility
 P - a potion of ambrosia
Books
 K - a book of Battle

   Spells                             Type                      Level
   a - Infusion                       Charms                       1
   b - Shroud of Golubria             Charms/Translocation         2
   c - Song of Slaying                Charms                       2
   d - Spectral Weapon                Hexes/Charms                 3
   e - Regeneration                   Charms/Necromancy            3
Comestibles
 D - 9 royal jellies
 I - 3 bread rations
 Q - 2 chunks of flesh


   Skills:
 + Level 7.5 Fighting
 + Level 6.8 Maces & Flails
 + Level 5.5 Armour
 + Level 6.0 Dodging
 - Level 2.1 Stealth
 - Level 5.0 Shields
 * Level 11.4 Spellcasting
 + Level 9.5 Conjurations
   Level 0.7 Transmutations
 + Level 5.6 Fire Magic
 + Level 10.8 Earth Magic
 + Level 5.9 Evocations


You had 20 spell levels left.
You knew the following spells:

 Your Spells              Type           Power        Failure   Level  Hunger
a - Sandblast             Erth           ######       1%          1    None
b - Lee's Rapid Deconstr  Erth           ######....   1%          5    ####...
c - Conjure Flame         Conj/Fire      #####...     1%          3    None
d - Shroud of Golubria    Chrm/Tloc      ##........   6%          2    None
A - Stone Arrow           Conj/Erth      ######       1%          3    None


Dungeon Overview and Level Annotations

Branches:
Dungeon (11/15)            Temple (1/1) D:6            Lair (6/6) D:10
 Shoals (0/4) Lair:3        Snake (0/4) Lair:2        Slime (0/5) Lair:5
    Orc: D:9-12

Altars:
Ashenzari
Dithmenos
Elyvilon
Fedhas
Gozag
Hepliaklqana
Kikubaaqudgha
Makhleb
Okawaru
Trog
Vehumet
Xom
Yredelemnul
Zin
The Shining One
Jiyva

Annotations:
D:1 need fly
D:8 1 runed door
Lair:2 oklob plants, exclusion: 4 oklob plants
Lair:6 Kirke


Innate Abilities, Weirdness & Mutations

You are resistant to torment.
Your stone body is resilient. (AC +9)
You are immune to poison.
You resist negative energy. (rN+)
You are resistant to electric shocks. (rElec)
You can survive without breathing.
You are immune to petrification.
You are immune to rotting.


Message History

You are very lightly contaminated with residual magic.
As you read the scroll of blinking, it crumbles to dust.
Evoke which item? (* to show all) (? for menu, Esc to quit)
Zapping:
v - a wand of acid (will waste charges)
Press: ? - help, Shift-Dir - straight line, f - azure jelly
Aim: an azure jelly (moderately wounded)
The bolt of acid hits the azure jelly.
The azure jelly completely resists.
The azure jelly is moderately wounded.
Evoking this partially-identified wand wasted a few charges.
Your skill with magical items lets you calculate the power of this device...
This wand has 3 charges left.
You reach down and open the door.
There is an open door here.
There is a stone staircase leading up here.
The azure jelly hits you but does no damage. x2
The azure jelly hits you!
* * * LOW HITPOINT WARNING * * *
The azure jelly hits you but does no damage.
The azure jelly misses you. The azure jelly hits you!
You die...

#######..# #.P.....# #####
#..###....###. ### ###. #
#.#.###..###### ##.# #... ##
######..##.#..##P#####.####...
.###P##.....#........#.......#..P
...P.................+...........
......................P...+......
###...#.P..P#.......<.####.......
# ####..........@.....# #.#.....J
##.(..#...JJ.....# ###......
####..###P.........# #P.>....
#..##...##.###'#.#.# ##......
###...###### #..#### ##..###.
#.##..### ###.P# ##.#...J.
###.P'P#.####.#.## ##........
#........P##.##.#### #......... #
##.................###.........


You could see 2 azure jellies.

Vanquished Creatures
  An azure jelly (Lair:5)
  3 hydras
  6 death yaks
  A hill giant (D:10)
  A wolf spider (Lair:4)
  A manticore (Lair:4)
  3 oklob plants (Lair:2)
  4 elephants
  10 spiny frogs
  5 komodo dragons
  6 rime drakes
  A queen bee (Lair:5)
  3 meliai (Lair:5)
  2 hornets (Lair:4)
  2 polar bears (Lair:4)
  8 blink frogs (Lair:2)
  2 dream sheep (D:8)
  A snapping turtle (Lair:3)
  11 hippogriffs
  A hog (Lair:5)
  7 wyverns
  10 basilisks
  14 yaks
  A hungry ghost (D:9)
  9 water moccasins
  Duvessa (D:5)
  8 porcupines
  5 orc warriors
  A hell hound (Lair:4)
  3 ice beasts
  A sky beast (D:10)
  A necrophage (D:10)
  A black bear (D:8)
  9 ogres
  4 phantoms
  5 centaurs
  14 wolves
  3 big kobolds (D:8)
  14 crocodiles
  14 bullfrogs
  A wyvern zombie (D:10)
  A wyvern skeleton (D:7)
  Dowan (D:5)
  2 scorpions
  12 killer bees (Lair:5)
  3 electric eels (Lair:3)
  2 vampire bats (D:6)
  3 howler monkeys (D:7)
  A hound (D:9)
  2 quasits (D:10)
  3 crimson imps
  3 bullfrog skeletons
  A bullfrog zombie (D:7)
  6 orc priests
  A gnoll shaman (D:5)
  3 jellies
  Terence (D:2)
  Ijyb (D:3)
  4 iguanas
  6 orc wizards
  9 worker ants
  A killer bee zombie (D:5)
  2 hound skeletons
  A worker ant zombie (D:11)
  8 gnolls
  2 river rats (D:4)
  24 adders
  3 shadow imps
  3 adder skeletons
  5 worms
  2 dart slugs
  5 leopard geckos
  43 orcs
  2 bat skeletons (D:6)
  3 bat zombies (D:6)
  5 giant cockroaches
  7 goblins
  6 hobgoblins
  6 jackals
  2 quokkas
  13 ball pythons
  5 bats
  12 frilled lizards
  8 kobolds
  A leopard gecko zombie (D:9)
  3 quokka skeletons
  4 rats
  2 plants (Lair:2)
441 creatures vanquished.

Vanquished Creatures (others)
  3 bushes (Lair:4)
  3 fungi (Lair:4)
  37 plants
43 creatures vanquished.

Grand Total: 484 creatures vanquished

Notes
Turn   | Place    | Note
-------+----------+-------------------------------------------
     0 | D:1      | Gargo the Gargoyle Earth Elementalist began the quest for the Orb.
     0 | D:1      | Reached XP level 1. HP: 10/10 MP: 3/3
   499 | D:1      | Reached XP level 2. HP: 15/15 MP: 0/5
   733 | D:2      | Reached XP level 3. HP: 18/19 MP: 2/7
   738 | D:2      | Learned a level 3 spell: Stone Arrow
   797 | D:2      | Reached skill level 3 in Spellcasting
  1011 | D:2      | Reached XP level 4. HP: 14/24 MP: 0/9
  1667 | D:2      | Noticed Terence
  1986 | D:2      | Killed Terence
  1986 | D:2      | Reached skill level 1 in Conjurations
  1986 | D:2      | Reached XP level 5. HP: 21/28 MP: 1/10
  1996 | D:2      | Reached skill level 4 in Spellcasting
  2343 | D:3      | Found a bloodstained altar of Trog.
  2366 | D:3      | Found a shimmering altar of Xom.
  2979 | D:4      | Reached skill level 5 in Earth Magic
  2979 | D:4      | Reached XP level 6. HP: 21/32 MP: 13/13
  3104 | D:4      | Found a glowing drain.
  3123 | Sewer    | Entered a sewer
  3188 | Sewer    | Learned a level 5 spell: Lee's Rapid Deconstruction
  3648 | D:3      | Reached skill level 5 in Spellcasting
  3954 | D:3      | Found a white marble altar of Elyvilon.
  4016 | D:3      | Noticed Ijyb
  4029 | D:3      | Reached XP level 7. HP: 36/36 MP: 14/14
  4033 | D:3      | Killed Ijyb
  4281 | D:4      | Found a radiant altar of Vehumet.
  4282 | D:4      | Found a shattered altar of Ashenzari.
  4288 | D:4      | Became a worshipper of Vehumet
  4545 | D:5      | Entered Level 5 of the Dungeon
  4910 | D:5      | Identified A Beginning Course on Wizardry
  4971 | D:5      | Reached skill level 6 in Spellcasting
  5119 | D:5      | Got a faintly humming chain mail
  5372 | D:5      | Noticed Dowan
  5374 | D:5      | Noticed Duvessa
  5379 | D:5      | Killed Dowan
  5379 | D:5      | Reached XP level 8. HP: 41/41 MP: 13/17
  5387 | D:5      | Killed Duvessa
  6484 | D:6      | Reached skill level 1 in Armour
  6504 | D:6      | Found a staircase to the Ecumenical Temple.
  6514 | Temple   | Entered the Ecumenical Temple
  6587 | D:8      | Reached * piety under Vehumet
  6587 | D:8      | Offered knowledge of Magic Dart by Vehumet.
  6595 | D:8      | Reached skill level 1 in Maces & Flails
  6904 | D:7      | Noticed a hippogriff
  6912 | D:7      | Killed a hippogriff
  6912 | D:7      | Reached skill level 1 in Fighting
  6912 | D:7      | Reached skill level 1 in Evocations
  6993 | D:7      | Reached skill level 7 in Spellcasting
  6997 | D:7      | Reached XP level 9. HP: 33/48 MP: 1/19
  7685 | D:8      | Found an opulent altar of Gozag.
  7776 | D:8      | Reached skill level 5 in Conjurations
  7778 | D:8      | Reached ** piety under Vehumet
  7778 | D:8      | Offered knowledge of Throw Frost by Vehumet.
  8681 | D:8      | Found a glowing golden altar of the Shining One.
  8681 | D:8      | Found a runed door.
  8681 | D:8      | Noticed an angel
  9044 | D:9      | HP: 2/49 [orc warrior/mace (9)]
  9056 | D:9      | Reached skill level 8 in Spellcasting
  9384 | D:8      | Reached XP level 10. HP: 55/55 MP: 22/22
  9563 | D:8      | Noticed a three-headed hydra
  9569 | D:8      | Killed a three-headed hydra
 10280 | D:6      | Offered knowledge of Searing Ray by Vehumet.
 10285 | D:6      | Found an ancient bone altar of Kikubaaqudgha.
 10611 | D:10     | Entered Level 10 of the Dungeon
 10736 | D:9      | Reached *** piety under Vehumet
 10796 | D:9      | Learned a level 3 spell: Conjure Flame
 10910 | D:9      | Reached skill level 9 in Spellcasting
 10973 | D:9      | Found a white marble altar of Elyvilon.
 11107 | D:9      | Found a blossoming altar of Fedhas.
 11187 | D:9      | Offered knowledge of Olgreb's Toxic Radiance by Vehumet.
 11221 | D:9      | Reached XP level 11. HP: 62/62 MP: 24/24
 11313 | D:10     | Reached skill level 1 in Fire Magic
 11938 | D:10     | Reached skill level 5 in Armour
 12129 | D:11     | Noticed a hill giant
 12137 | D:10     | Killed a hill giant
 12196 | D:11     | Reached skill level 1 in Shields
 12385 | D:10     | Found a staircase to the Lair.
 12622 | Lair:1   | Entered Level 1 of the Lair of Beasts
 13000 | D:10     | Reached **** piety under Vehumet
 13291 | Lair:2   | Offered knowledge of Force Lance by Vehumet.
 13385 | Lair:1   | Reached skill level 5 in Fighting
 14939 | Lair:2   | Found a staircase to the Snake Pit.
 14948 | Lair:2   | Noticed an oklob plant
 14952 | Lair:2   | Killed an oklob plant
 14952 | Lair:2   | Reached skill level 5 in Maces & Flails
 14952 | Lair:2   | Reached XP level 12. HP: 68/68 MP: 18/25
 15175 | Lair:2   | Reached skill level 10 in Spellcasting
 16435 | Lair:4   | Reached skill level 5 in Dodging
 16686 | Lair:5   | Learned a level 2 spell: Shroud of Golubria
 16703 | Lair:4   | Reached ***** piety under Vehumet
 17358 | Lair:3   | Noticed a six-headed hydra
 17364 | Lair:3   | Killed a six-headed hydra
 17364 | Lair:3   | Reached skill level 10 in Earth Magic
 17777 | Lair:3   | Found a staircase to the Shoals.
 18177 | Lair:4   | Reached skill level 5 in Evocations
 18179 | Lair:4   | Reached XP level 13. HP: 72/76 MP: 9/27
 18186 | Lair:4   | Offered knowledge of Sticky Flame by Vehumet.
 18560 | Lair:4   | Reached skill level 5 in Fire Magic
 19053 | Lair:4   | Reached skill level 11 in Spellcasting
 19540 | Lair:4   | Reached skill level 5 in Shields
 20925 | Lair:5   | Found a runed door.
 20931 | Lair:6   | Entered Level 6 of the Lair of Beasts
 20947 | Lair:6   | Noticed Kirke
 21635 | Lair:5   | Found a viscous altar of Jiyva.
 21635 | Lair:5   | Noticed an azure jelly
 21635 | Lair:5   | Noticed an azure jelly
 21637 | Lair:5   | Found a staircase to the Slime Pits.
 21637 | Lair:5   | Noticed an azure jelly
 21639 | Lair:5   | Noticed an azure jelly
 21646 | Lair:5   | Killed an azure jelly
 21680 | Lair:5   | HP: 2/76 [azure jelly (8)]
 21680 | Lair:5   | Mangled by an azure jelly

Skill      XL: |  1  2  3  4  5  6  7  8  9 10 11 12 13 |
---------------+----------------------------------------+-----
Earth Magic    | 4 5 6 7 8 9 10 | 10.8
Spellcasting   | 3 4 5 6 7 8 9 10 11 | 11.4
Conjurations   | 1 2 3 4 5 6 7 8 9 |  9.5
Armour         | 2 3 4 5 |  5.5
Maces & Flails | 1 3 4 5 6 |  6.8
Fighting       | 1 2 4 5 6 7 |  7.5
Dodging        | 2 3 4 5 6 |  6.0
Evocations     | 1 2 3 4 5 |  5.9
Fire Magic     | 3 4 5 |  5.6
Shields        | 2 4 5 |  5.0
Stealth        | |  2.1
Transmutations | |  0.7

Action                   |  1- 3 |  4- 6 |  7- 9 | 10-12 | 13-15 || total
-------------------------+-------+-------+-------+-------+-------++-------
Melee: Dagger            |    18 |    26 |       |       |       ||    44
       Unarmed           |    14 |       |       |       |       ||    14
       Whip              |     9 |       |       |       |       ||     9
       Mace              |       |     1 |    47 |    43 |    20 ||   111
 Cast: Sandblast         |    45 |   155 |   234 |   337 |   107 ||   878
       Stone Arrow       |       |     4 |    77 |   178 |    77 ||   336
       Lee's Rapid Decon |       |       |       |    30 |    22 ||    52
       Shroud of Golubri |       |       |       |     3 |     8 ||    11
 Abil: Evoke Flight      |       |       |       |     1 |       ||     1
Evoke: Wand              |       |       |     5 |     7 |     4 ||    16
  Use: Scroll            |       |     9 |     7 |     8 |     3 ||    27
       Potion            |       |       |     4 |     1 |     1 ||     6
 Stab: Sleeping          |     5 |     3 |     7 |     3 |       ||    18
       Distracted        |       |       |     1 |       |       ||     1
       Paralysed         |       |       |       |    14 |     1 ||    15
  Eat: Chunk             |     1 |     9 |    18 |    25 |    10 ||    63
       Pizza             |       |       |       |     4 |     3 ||     7
       Beef jerky        |       |       |       |       |     1 ||     1
Armor: Robe              |    29 |    38 |   110 |     6 |       ||   183
       Leather armour    |       |       |       |   184 |   115 ||   299
Dodge: Dodged            |    38 |    76 |   158 |   260 |   135 ||   667
